 Dungeon Crawl Stone Soup version 0.32-a0-995-gb4a59205af (webtiles) character file.

Game seed: 890483362050653624

569 Fodor the Covered (level 7, -5/60 HPs)
             Began as a Minotaur Fighter on Apr 22, 2024.
             Slain by Pikel
             ... wielding a +0 whip of flaming
              (7 damage)
             ... on level 5 of the Dungeon.
             The game lasted 00:14:32 (4096 turns).

Fodor the Covered (Minotaur Fighter)                Turns: 4096, Time: 00:14:35

Health: -5/60      AC: 10    Str: 22    XL:     7   Next: 11%
Magic:  0/6        EV:  7    Int:  5    God:
Gold:   276        SH:  4    Dex: 10    Spells: 6/6 levels left

rFire   . . .        t - +2 mace (heavy)
rCold   . . .        c - +0 buckler
rNeg    . . .        B - +0 chain mail
rPois   .            (helmet restricted)
rElec   .            (no cloak)
rCorr   .            (no gloves)
SInv    .            (no boots)
Will    .....        p - amulet of guardian spirit Stlth
                     (no ring)
HPRegen 0.30/turn    (no ring)
MPRegen 0.10/turn

%: guardian spirit
@: mighty
A: horns 2, retaliatory headbutt
a: no special abilities


You were on level 5 of the Dungeon.
You visited 1 branch of the dungeon, and saw 5 of its levels.

You collected 276 gold pieces.

Inventory:

Hand Weapons
 t - a +2 heavy mace (weapon)
 A - a +1 war axe of venom
Missiles
 u - 6 poisoned darts (quivered)
Armour
 c - a +0 buckler (worn)
 B - a +0 chain mail (worn)
Jewellery
 p - an amulet of guardian spirit (around neck)
 r - a ring of resist corrosion
Talismans
 x - a flux talisman
Wands
 y - a wand of flame (13)
Scrolls
 g - 3 scrolls of identify {unknown}
 h - a scroll of vulnerability {unknown}
 i - a scroll of fear {unknown}
 k - a scroll of fog {unknown}
 o - 2 scrolls of torment {unknown}
 s - a scroll of enchant weapon {unknown}
 w - 2 scrolls of teleportation {unknown}
Potions
 a - a potion of cancellation {unknown}
 b - a potion of attraction {unknown}
 e - 2 potions of enlightenment {unknown}
 f - a potion of brilliance {unknown}
 j - a potion of curing
 l - a potion of ambrosia {unknown}
 m - 2 potions of magic {unknown}
 n - a potion of invisibility {unknown}
 q - a potion of heal wounds {unknown}
 v - a potion of mutation {unknown}
 z - a potion of lignification {unknown}


   Skills:
 + Level 4.4 Fighting
 + Level 4.5(5.1) Axes
 + Level 3.5(4.6) Maces & Flails
 + Level 6.8 Armour
 + Level 1.5 Dodging
 + Level 0.1 Stealth
 + Level 4.4 Shields
 + Level 0.3 Evocations


You had 6 spell levels left.
You didn't know any spells.
Your spell library contained the following spells:

 Spells                   Type           Power      Damage    Failure   Level
 Call Canine Familiar     Summ           0%         N/A       100%        3
 Dazzling Flash           Conj/Hex       0%         N/A       100%        3
 Inner Flame              Hex/Fire       0%         N/A       100%        3
 Mephitic Cloud           Conj/Alch/Air  0%         N/A       100%        3
 Sigil of Binding         Hex            0%         N/A       100%        3
 Dimensional Bullseye     Hex/Tloc       0%         N/A       100%        4
 Flame Wave               Conj/Fire      0%         2d4       100%        4
 Sticky Flame             Fire/Alch      0%         2d4       100%        4
 Silence                  Hex/Air        0%         N/A       100%        5


Dungeon Overview and Level Annotations

Branches:
Dungeon (5/15)
 Temple: D:4-7

Altars:

Annotations:
D:5 Pikel


Innate Abilities, Weirdness & Mutations

You have a pair of horns on your head.
You reflexively headbutt those who attack you in melee.


Message History

Pikel hits you with a +0 whip of flaming.
* * * LOW HITPOINT WARNING * * *
Pikel burns you.
* * * LOW HITPOINT WARNING * * *
The lemure hits you but does no damage.
Pikel hits you with a +0 whip of flaming.
* * * LOW HITPOINT WARNING * * *
Pikel burns you.
* * * LOW HITPOINT WARNING * * *
It was a potion of curing.
You feel better. The lemure barely misses you. You furiously retaliate!
You headbutt the lemure! Pikel hits you but does no damage.
You feel better. The lemure hits you. Pikel hits you but does no damage.
You feel very mighty all of a sudden. The lemure hits you!
* * * LOW HITPOINT WARNING * * *
Pikel hits you with a +0 whip of flaming.
* * * LOW HITPOINT WARNING * * *
Pikel burns you.
* * * LOW HITPOINT WARNING * * *
You hit Pikel. You headbutt Pikel!
Pikel is almost dead.
The lemure hits you.
* * * LOW HITPOINT WARNING * * *
Pikel hits you but does no damage.
You barely miss Pikel. Your headbutt misses Pikel.
Pikel is almost dead.
The lemure barely misses you.
Pikel hits you with a +0 whip of flaming!
* * * LOW HITPOINT WARNING * * *
Pikel burns you.
* * * LOW HITPOINT WARNING * * *
The lemure hits you but does no damage. Pikel barely misses you.
You hit Pikel.
Pikel is almost dead.
The lemure barely misses you. Pikel closely misses you.
The lemure hits you but does no damage.
Pikel hits you with a +0 whip of flaming!
You die...
Pikel says, "Another soul for the market."

######.## #......#
#...###########
#.#.....# ##########
#.#####.## ##.....#...
#. #..####..>....... #.
##..##..[..?..... ..
##..#$.?........
##########†#...........
#.......)...@..<....[..
#..##########K5.........
#.....>.....
#.#.....#...
#.##.####### ..##.!#...#
...###.#...# ...##
#.....# ###...#


You could see Pikel and a lemure.

Vanquished Creatures
  An ogre (D:4)
  A lemure (D:4)
  3 bombardier beetles
  3 orc priests
  An iguana (D:4)
  A sleepcap (D:4)
  An orc wizard (D:4)
  7 gnolls
  5 adders
  A ribbon worm (D:2)
  18 orcs
  7 endoplasms
  2 giant cockroaches
  11 goblins
  11 hobgoblins
  6 kobolds
  2 quokkas
  9 ball pythons
  5 bats
  A frilled lizard (D:1)
  6 rats
102 creatures vanquished.

Notes
Turn   | Place    | Note
-------+----------+-------------------------------------------
     0 | D:1      | Fodor the Minotaur Fighter began the quest for the Orb.
     0 | D:1      | Reached XP level 1. HP: 19/19 MP: 0/0
   292 | D:1      | Reached XP level 2. HP: 27/27 MP: 1/1
   542 | D:1      | Reached skill level 4 in Armour
   925 | D:2      | Reached XP level 3. HP: 33/33 MP: 2/2
  1606 | D:3      | Reached skill level 1 in Dodging
  1606 | D:3      | Reached XP level 4. HP: 9/40 MP: 3/3
  1938 | D:3      | Reached skill level 5 in Armour
  2110 | D:3      | Identified the +7 whip "Vakiywk" {antimagic, rC- rCorr
                  | Int+3 Dex+3}
  2198 | D:3      | Reached XP level 5. HP: 46/46 MP: 4/4
  2411 | D:3      | HP: 2/46 [burnt (7)]
  2772 | D:4      | Noticed an ogre
  2779 | D:4      | Killed an ogre
  2780 | D:4      | Reached skill level 1 in Maces & Flails
  2780 | D:4      | Reached skill level 6 in Armour
  2780 | D:4      | Reached XP level 6. HP: 36/52 MP: 3/5
  3648 | D:4      | Reached XP level 7. HP: 58/60 MP: 4/6
  3996 | D:5      | Entered Level 5 of the Dungeon
  4074 | D:5      | Noticed Pikel
  4095 | D:5      | HP: 2/60 [Pikel/+0 whip of flaming (2)]
  4096 | D:5      | Slain by Pikel

Illustrated notes

Levels and vault maps discovered:
D:1:      erik_arrival_cave_to_civilisation [erik_arrival_cave_to_hall],
          layout_basic, minmay_misc_feat_tower
D:2:      layout_basic, st_stairs_12
D:3:      layout_basic
D:4:      layout_loops_ring, minivault_5
D:5:      layout_rooms, serial_bayou_lagoon_b, uniq_pikel

Skill      XL: |  1  2  3  4  5  6 |
---------------+-------------------+-----
Armour         | 4 5 6 |  6.8
Shields        | 4 |  4.4
Fighting       | 4 |  4.4
Axes           | 3 4 |  4.5
Dodging        | 1 |  1.5
Maces & Flails | 1 3 |  3.5
Stealth        | |  0.1
Evocations     | |  0.3

Action                     |  1- 3 |  4- 6 |  7- 9 || total
---------------------------+-------+-------+-------++-------
  Melee: War axe           |    97 |     8 |       ||   105
         Headbutt          |    11 |    21 |     3 ||    35
         Mace              |       |   109 |    26 ||   135
  Throw: Dart              |       |     1 |       ||     1
  Evoke: Wand              |       |     2 |       ||     2
    Use: Potion            |       |       |     3 ||     3
 Armour: Scale mail        |    85 |   106 |       ||   191
         Chain mail        |       |    18 |    44 ||    62
  Dodge: Dodged            |    51 |    72 |    11 ||   134
  Block: Buckler           |    24 |    39 |     7 ||    70

Table legend: (Time is in decaauts)
 A = Elapsed time spent in this place.
 B = Non-inter-level travel time spent in this place.
 C = Inter-level travel time spent in this place.
 D = Time resting spent in this place.
 E = Time spent auto-exploring this place.
 F = Levels seen in this place.
 G = Mean time per level.
                   A        B        C        D        E       F      G
               +--------+--------+--------+--------+--------+-----+--------+
         Total |   4254 |   4146 |    108 |    409 |   2624 |   5 |  850.8 |
       Dungeon |   4254 |   4146 |    108 |    409 |   2624 |   5 |  850.8 |
               +--------+--------+--------+--------+--------+-----+--------+

Top non-repeatable levels by time:
     D:4: 1325 daAuts
     D:3: 1223 daAuts
     D:1: 817 daAuts
     D:2: 793 daAuts
     D:5: 94 daAuts
